 Dungeon Crawl Stone Soup version 0.21.1-1-g345015fe64 (webtiles) character file.

247 Kisielow the Changer (level 6, -1/43 HPs)
             Began as a Merfolk Transmuter on Mar 4, 2018.
             Slain by a worker ant (3 damage)
             ... on level 4 of the Dungeon.
             The game lasted 00:06:02 (2817 turns).

Kisielow the Changer (Merfolk Transmuter)           Turns: 2817, Time: 00:06:03

Health: -1/43      AC:  2    Str: 10    XL:     6   Next: 11%
Magic:  3/9        EV: 21    Int: 14    God:
Gold:   131        SH:  0    Dex: 20    Spells: 5/9 levels left

rFire    . . .     SeeInvis .     - Unarmed
rCold    . . .     Gourm    .   (shield currently unavailable)
rNeg     . . .     Faith    .   (armour currently unavailable)
rPois    x         Spirit   .   (helmet currently unavailable)
rElec    .         Reflect  .   (cloak currently unavailable)
rCorr    .         Harm     .   (gloves currently unavailable)
MR       .....                  (boots currently unavailable)
Stlth    ++........             (no amulet)
HPRegen  0.14/turn              (no ring)
MPRegen  0.11/turn              (no ring)

@: lethally poisoned (-1 -> -37), spider-form (expiring), very slightly
contaminated
A: tiny, (change form in water), (swift swim), (stealthy swim)
a: End Transformation


You were on level 4 of the Dungeon.
You were not hungry.
You were a venomous arachnid creature.
You visited 1 branch of the dungeon, and saw 4 of its levels.

You collected 131 gold pieces.

Inventory:

Hand Weapons
 r - the +7 long sword of the Warrior {slice, -Tele Str+4 Dex+5, unknown}
   (You found it on level 4 of the Dungeon)

   It inflicts extra damage upon your enemies.
   It affects your strength (+4).
   It affects your dexterity (+5).
   It prevents most forms of teleportation.
Missiles
 a - 22 arrows
Armour
 b - a +1 robe (melded)
Jewellery
 h - a cursed ring of loudness {unknown}
 o - an uncursed amulet of regeneration {unknown}
Wands
 q - a wand of flame (14)
Scrolls
 k - a scroll of enchant weapon
 n - a scroll of remove curse
 p - a scroll of teleportation
Potions
 e - a potion of lignification {unknown}
 f - a potion of mutation {unknown}
 g - a potion of curing {unknown}
 i - a potion of heal wounds {unknown}
 j - a potion of flight {unknown}
 l - a potion of resistance {unknown}
Books
 c - a book of Changes

   Spells                             Type                      Level
   a - Beastly Appendage              Transmutation                1
   b - Sticks to Snakes               Transmutation                2
   c - Spider Form                    Transmutation/Poison         3
   d - Ice Form                       Ice/Transmutation            4
   e - Blade Hands                    Transmutation                5
Comestibles
 d - 5 rations
 m - a chunk of flesh


   Skills:
 + Level 1.5 Fighting
 * Level 3.3 Dodging
 - Level 4.5 Unarmed Combat
 - Level 2.0 Spellcasting
 + Level 6.8 Transmutations


You had 5 spell levels left.
You knew the following spells:

 Your Spells              Type           Power        Failure   Level  Hunger
a - Beastly Appendage     Tmut           ###...       6%          1    ##.....
q - Spider Form           Tmut/Pois      ##........   36%         3    ####...


Dungeon Overview and Level Annotations

Branches:
Dungeon (4/15)
 Temple: D:4-7

Altars:
Kikubaaqudgha
Sif Muna
Vehumet
Xom

Annotations:
D:3 hofbold's ghost, amateur GnAE


Message History

The worker ant bites you but does no damage.
You barely miss the worker ant.
You feel sick. The worker ant misses you.
You barely miss the worker ant.
Your transformation is almost over.
You feel sick. The worker ant completely misses you.
You hit the worker ant but do no damage.
You feel sick. The worker ant closely misses you.
You barely miss the worker ant.
You feel sick. The worker ant bites you.
* * * LOW HITPOINT WARNING * * *
You closely miss the worker ant.
* * * LOW HITPOINT WARNING * * *
You feel sick. The worker ant bites you.
* * * LOW HITPOINT WARNING * * *
You are more poisoned.
The worker ant poisons you!
You hit the worker ant.
The worker ant is moderately wounded.
* * * LOW HITPOINT WARNING * * *
You feel sick. The worker ant completely misses you. The worker ant bites you.
You die...

^#####.# #.#####÷####.
.#####.##### #.##.#####.#....
...........# ...#............
.#...#.###.# ...######.....#.
.#......##.# ...# #.[.#...
........##.# ####...# #.#...#.
...........###......# #.#..##.
#..........##..##...# #.......
..##..#.#.##....s†.<# #.#..#..
†.##....#......#.a.........#..#.#
..##..#.#................. ...#.#
.............#._.#....... .##.#.#
...#..#...##........#### ...
...#.#.##.#....#....# #.#
≈.........#.........# #!
...###.####..####...# >. ...# #.#
##.# .... #.


You could see a worker ant.

Vanquished Creatures
  2 scorpions (D:4)
  A hound (D:4)
  An iguana (D:4)
  3 adders (D:4)
  A dart slug (D:1)
  6 orcs
  4 bats
  4 giant cockroaches
  7 goblins
  7 hobgoblins
  4 jackals (D:2)
  5 kobolds
  3 quokkas
  5 frilled lizards
  3 rats
56 creatures vanquished.

Notes
Turn   | Place    | Note
-------+----------+-------------------------------------------
     0 | D:1      | Kisielow the Merfolk Transmuter began the quest for the Orb.
     0 | D:1      | Reached XP level 1. HP: 15/15 MP: 3/3
   429 | D:1      | Reached XP level 2. HP: 17/21 MP: 5/5
  1388 | D:2      | Reached XP level 3. HP: 24/26 MP: 6/6
  1405 | D:2      | Learned a level 3 spell: Spider Form
  1643 | D:2      | Reached skill level 3 in Transmutations
  2056 | D:2      | Reached skill level 4 in Transmutations
  2179 | D:3      | Reached XP level 4. HP: 23/32 MP: 7/7
  2275 | D:3      | Noticed hofbold's ghost (amateur GnAE)
  2354 | D:4      | Found a shimmering altar of Xom.
  2354 | D:4      | Found a deep blue altar of Sif Muna.
  2359 | D:4      | Reached skill level 5 in Transmutations
  2359 | D:4      | Reached XP level 5. HP: 37/37 MP: 3/8
  2437 | D:4      | Got a smoking long sword
  2494 | D:4      | Reached skill level 6 in Transmutations
  2499 | D:4      | Found an ancient bone altar of Kikubaaqudgha.
  2801 | D:4      | Found a radiant altar of Vehumet.
  2811 | D:4      | Reached XP level 6. HP: 24/43 MP: 2/9
  2817 | D:4      | HP: 2/43 [poisoned by a worker ant]
  2817 | D:4      | Slain by a worker ant

Skill      XL: |  1  2  3  4  5 |
---------------+----------------+-----
Unarmed Combat | 4 |  4.5
Transmutations | 4 5 6 |  6.8
Dodging        | 3 |  3.3
Fighting       | |  1.5
Spellcasting   | |  2.0

Action                   |  1- 3 |  4- 6 || total
-------------------------+-------+-------++-------
Melee: Unarmed           |   154 |    52 ||   206
       Headbutt          |     3 |       ||     3
       Punch             |     1 |       ||     1
 Cast: Spider Form       |     1 |     7 ||     8
       Beastly Appendage |     1 |       ||     1
  Use: Scroll            |       |     5 ||     5
  Eat: Chunk             |     4 |     4 ||     8
Armor: Robe              |    25 |     3 ||    28
       Skin              |       |     2 ||     2
Dodge: Dodged            |   102 |    43 ||   145
